 Dungeon Crawl Stone Soup version 0.20.1-1-g8b1a95d (webtiles) character file.

2298 MBI the Basher (level 9, -14/55 HPs)
             Began as a Kobold Gladiator on Aug 5, 2017.
             Was a Believer of Qazlal.
             Demolished by an orc warrior
             ... wielding a +0 long sword
              (18 damage)
             ... on level 6 of the Dungeon.
             The game lasted 00:52:48 (7296 turns).

MBI the Basher (Kobold Gladiator)                   Turns: 7296, Time: 00:52:48

Health: -14/55     AC:  5    Str: 12    XL:     9   Next: 67%
Magic:  9/9        EV: 19    Int: 11    God:    Qazlal [**....]
Gold:   375        SH:  2    Dex: 19    Spells: 8/8 levels left

rFire    . . .     SeeInvis .   a - +0 flail
rCold    . . .     Gourm    .   (shield restricted)
rNeg     . . .     Faith    .   B - +0 leather armour
rPois    .         Spirit   .   c - +0 helmet
rElec    .         Reflect  .   (no cloak)
rCorr    .         Harm     .   K - +0 pair of gloves
MR       +....                  (no boots)
Stlth    ++........             G - amulet of regeneration
Regen    0.6/turn               u - +2 ring of intelligence
MPRegen  0.2/turn               b - ring of protection from magic

@: about to teleport
A: carnivore 3
a: Upheaval, Renounce Religion


You were on level 6 of the Dungeon.
You worshipped Qazlal.
Qazlal was pleased with you.
You were completely stuffed.

You visited 2 branches of the dungeon, and saw 8 of its levels.

You collected 375 gold pieces.

Inventory:

Hand Weapons
 a - a +0 flail (weapon)
 F - the cursed +1 spear of the Walnut {venom, +Rage, unknown}
   (You found it on level 4 of the Dungeon)

   It poisons the flesh of those it strikes.
   It lets you go berserk.
   It has a curse placed upon it.
 I - a +0 quarterstaff of protection
Missiles
 d - 3 throwing nets (quivered)
Armour
 c - a +0 helmet (worn)
 B - a +0 leather armour (worn)
 K - a +0 pair of gloves (worn)
Jewellery
 b - a ring of protection from magic (right hand)
 m - an uncursed amulet of the gourmand
 u - a +2 ring of intelligence (left hand)
 G - an amulet of regeneration (around neck)
Wands
 k - a wand of iceblast (2/15)
 y - a wand of flame (0/48)
 L - a wand of digging (7/24)
Scrolls
 g - a scroll of enchant armour {unknown}
 i - a scroll of immolation {unknown}
 l - 3 scrolls of teleportation
 p - a scroll of enchant weapon {unknown}
 q - 2 scrolls of magic mapping
 r - 2 scrolls of recharging
 w - a scroll of fear {unknown}
 x - 7 scrolls of remove curse
 C - 2 scrolls of amnesia
 D - a scroll of random uselessness {unknown}
 E - 2 scrolls of fog
 N - a scroll of noise {unknown}
Potions
 e - 2 potions of might {unknown}
 h - a potion of lignification {unknown}
 j - 3 potions of flight {unknown}
 n - a potion of curing
 s - 2 potions of brilliance {unknown}
 t - a potion of cancellation {unknown}
 v - 2 potions of ambrosia {unknown}
 A - 3 potions of heal wounds {unknown}
 H - a potion of mutation {unknown}
 J - a potion of resistance
 O - a potion of haste {unknown}
Comestibles
 f - 2 meat rations
 o - 4 royal jellies
 z - a bread ration


   Skills:
 + Level 5.7 Fighting
 + Level 8.5 Maces & Flails
 + Level 2.5 Throwing
 + Level 3.3 Armour
 + Level 6.8 Dodging
 + Level 3.3 Stealth


You had 8 spell levels left.
You didn't know any spells.

Dungeon Overview and Level Annotations

Branches:
Dungeon (7/15)             Temple (1/1) D:6

Altars:
Ashenzari
Cheibriados
Dithmenos
Elyvilon
Fedhas
Gozag
Hepliaklqana
Kikubaaqudgha
Makhleb
Nemelex Xobeh
Qazlal
Ru
Sif Muna
Uskayaw
Vehumet
Xom
Yredelemnul
Zin
The Shining One


Innate Abilities, Weirdness & Mutations

You are small and have problems with some larger weapons.
You are carnivorous and can eat meat at any time.


Message History

You hit the orc warrior but do no damage.
The orc warrior is heavily wounded.
You hit the orc warrior.
The orc warrior is heavily wounded.
The orc warrior hits you with a long sword!!
* * * LOW HITPOINT WARNING * * *
You feel better. The orc warrior completely misses you.
A gnoll comes into view. It is wielding a spear.
There is an escape hatch in the ceiling here.
The gnoll shouts!
The orc warrior hits you with a long sword!
* * * LOW HITPOINT WARNING * * *
A mysterious force pulls you upwards. The hatch slams shut behind you.
You feel better.
The orc warrior hits you with a long sword!
* * * LOW HITPOINT WARNING * * *
As you read the scroll of teleportation, it crumbles to dust.
You feel strangely unstable.
The orc warrior hits you with a long sword!!
You die...

######## #......#
#.####.#
##############.####.##
#.......##...........#
#.#####.##o###.##.#..###
#.##......@# #.##.#....#
#.......#### #.........#
#.......# #.#####...#
#.##.#.#######.#####..##
#.#..#.#....(..........##
#.#.##.#.......####.....#
#.#.##.#..>.............#
#......#........###.....#
###..###........####...##


You could see an orc warrior.

Vanquished Creatures
  A hippogriff (D:7)
  A hungry ghost (D:7)
  An ice beast (D:4)
  A black bear (D:6)
  4 centaurs
  4 phantoms
  3 ogres
  2 scorpions
  3 howler monkeys
  3 crimson imps
  3 hounds
  A bullfrog zombie (D:6)
  An orc priest (D:5)
  2 jellies
  2 orc wizards
  An iguana (D:7)
  2 worker ants
  A hound zombie (D:7)
  8 adders
  2 shadow imps (D:7)
  3 oozes
  An adder skeleton (D:7)
  2 worms
  A dart slug (D:2)
  4 leopard geckos
  13 orcs
  8 giant cockroaches
  4 goblins
  8 hobgoblins
  4 jackals (D:2)
  8 kobolds
  2 quokkas
  6 bats
  5 frilled lizards
  2 quokka skeletons (D:4)
  12 rats
129 creatures vanquished.

Notes
Turn   | Place    | Note
-------+----------+-------------------------------------------
     0 | D:1      | MBI the Kobold Gladiator began the quest for the Orb.
     0 | D:1      | Reached XP level 1. HP: 12/12 MP: 1/1
   405 | D:1      | Reached XP level 2. HP: 18/18 MP: 2/2
   572 | D:1      | Reached skill level 3 in Maces & Flails
   982 | D:2      | Reached XP level 3. HP: 20/22 MP: 3/3
  1439 | D:2      | Reached XP level 4. HP: 27/27 MP: 4/4
  1455 | D:2      | Reached skill level 1 in Stealth
  2264 | D:3      | Reached skill level 1 in Armour
  2264 | D:3      | Reached XP level 5. HP: 20/32 MP: 5/5
  3331 | D:4      | Noticed a phantom
  3377 | D:4      | Killed a phantom
  3377 | D:4      | Reached skill level 4 in Maces & Flails
  3377 | D:4      | Reached XP level 6. HP: 23/37 MP: 6/6
  3621 | D:4      | Noticed an ice beast
  3636 | D:4      | Killed an ice beast
  3636 | D:4      | Reached XP level 7. HP: 25/41 MP: 7/7
  3760 | D:4      | Got a pitted spear
  3870 | D:4      | You fall through a shaft!
  3870 | D:5      | Entered Level 5 of the Dungeon
  3870 | D:5      | Found a basalt altar of Yredelemnul.
  3870 | D:5      | Found a blossoming altar of Fedhas.
  3886 | D:5      | Found a stormy altar of Qazlal.
  3895 | D:5      | Found an opulent altar of Gozag.
  3897 | D:5      | Found a shadowy altar of Dithmenos.
  3974 | D:5      | Became a worshipper of Qazlal Stormbringer
  4254 | D:4      | Reached skill level 5 in Maces & Flails
  4254 | D:4      | Reached skill level 5 in Dodging
  4913 | D:5      | Reached XP level 8. HP: 48/48 MP: 8/8
  5143 | D:5      | Reached skill level 6 in Maces & Flails
  5148 | D:5      | Found an opulent altar of Gozag.
  5281 | D:5      | Reached * piety under Qazlal
  5427 | D:6      | Found a staircase to the Ecumenical Temple.
  5488 | D:6      | Reached skill level 7 in Maces & Flails
  5513 | Temple   | Entered the Ecumenical Temple
  6134 | D:6      | Reached XP level 9. HP: 30/53 MP: 9/9
  6558 | D:7      | Reached skill level 5 in Fighting
  6584 | D:7      | Reached skill level 8 in Maces & Flails
  6760 | D:7      | Noticed a hippogriff
  6770 | D:7      | Killed a hippogriff
  6783 | D:7      | Reached ** piety under Qazlal
  7296 | D:6      | Demolished by an orc warrior

Skill      XL: |  1  2  3  4  5  6  7  8  9 |
---------------+----------------------------+-----
Maces & Flails | 3 4 5 7 8 |  8.5
Dodging        | 4 5 6 |  6.8
Stealth        | 1 2 3 |  3.3
Armour         | 1 2 3 |  3.3
Fighting       | 3 4 5 |  5.7
Throwing       | |  2.5

Action                   |  1- 3 |  4- 6 |  7- 9 || total
-------------------------+-------+-------+-------++-------
Melee: Flail             |    94 |   147 |   382 ||   623
Evoke: Wand              |       |     5 |     2 ||     7
  Use: Scroll            |     1 |     5 |     4 ||    10
       Potion            |       |       |     8 ||     8
 Stab: Sleeping          |     1 |     1 |     1 ||     3
       Distracted        |     1 |     1 |       ||     2
  Eat: Chunk             |     5 |     6 |    21 ||    32
       Royal jelly       |       |       |     1 ||     1
       Meat ration       |       |       |     1 ||     1
Armor: Leather armour    |    24 |    31 |    57 ||   112
Dodge: Dodged            |    95 |   147 |   332 ||   574
Block: Other             |       |       |    12 ||    12
